 Dungeon Crawl Stone Soup version 0.22-a0-830-gf552829 (webtiles) character file.

6085 zishaf the Arsonist (level 10, -3/60 HPs)
             Began as a Deep Elf Fire Elementalist on July 24, 2018.
             Was a Believer of Ashenzari.
             Slain by a wyvern (19 damage)
             ... on level 9 of the Dungeon.
             The game lasted 00:29:57 (9585 turns).

zishaf the Arsonist (Deep Elf Fire Elementalist)    Turns: 9585, Time: 00:29:58

Health: -3/60      AC:  5    Str:  5    XL:     10   Next: 58%
Magic:  20/33      EV: 16    Int: 24    God:    Ashenzari [**....]
Gold:   385        SH:  0    Dex: 15    Spells: 8/25 levels left

rFire    . . .     SeeInvis .   I - staff of energy (curse)
rCold    . . .     Gourm    .   (no shield)
rNeg     . . .     Faith    .   a - +0 robe
rPois    .         Spirit   .   e - +1 helmet
rElec    .         Reflect  .   (no cloak)
rCorr    .         Harm     .   (no gloves)
MR       ++...                  f - +0 pair of boots (curse)
Stlth    ++........             (no amulet)
HPRegen  0.20/turn              u - ring of magical power (curse)
MPRegen  0.23/turn              v - ring of protection from magic (curse)

@: no status effects
A: no striking features
a: Curse Item, Scrying, Renounce Religion


You were on level 9 of the Dungeon.
You worshipped Ashenzari.
Ashenzari was pleased with you.
You were very hungry.

You visited 2 branches of the dungeon, and saw 10 of its levels.

You collected 385 gold pieces.

Inventory:

Hand Weapons
 y - a +0 dagger of electrocution
 F - the +8 battleaxe "Goklighy" {venom, +Rage Int+3 Dex+3 SInv}
   (You found it on level 7 of the Dungeon)

   It poisons the flesh of those it strikes.
   It affects your intelligence (+3).
   It affects your dexterity (+3).
   It lets you see invisible.
   It lets you go berserk.
Armour
 a - a +0 robe (worn)
 e - a +1 helmet (worn)
 f - a cursed +0 pair of boots (worn)
 l - a +0 large shield
Magical Staves
 I - a cursed staff of energy (weapon)
Jewellery
 q - a +3 ring of strength
 u - a cursed ring of magical power (left hand)
 v - a cursed ring of protection from magic (right hand)
Wands
 A - a wand of flame (30)
 D - a wand of random effects (80)
 G - a wand of paralysis (15)
Scrolls
 d - 2 scrolls of fear {unknown}
 g - 2 scrolls of identify
 h - 4 scrolls of remove curse
 i - 5 scrolls of teleportation
 m - a scroll of random uselessness {unknown}
 r - a scroll of enchant armour {unknown}
 s - 3 scrolls of enchant weapon {unknown}
 x - a scroll of magic mapping {unknown}
 B - a scroll of fog {unknown}
 E - a scroll of amnesia {unknown}
 H - a scroll of blinking {unknown}
Potions
 b - a potion of heal wounds
 j - 2 potions of invisibility
 k - 7 potions of curing {unknown}
 n - 3 potions of flight {unknown}
 o - 3 potions of mutation {unknown}
 p - a potion of lignification
 t - 2 potions of brilliance
 w - a potion of berserk rage
 z - 2 potions of agility
 C - a potion of might {unknown}
 J - a potion of resistance
Comestibles
 c - 9 rations


   Skills:
 * Level 6.0 Fighting
 - Level 6.3 Dodging
 - Level 2.4 Stealth
 * Level 2.2 Shields
 - Level 8.0 Spellcasting
 - Level 7.5(9.0) Conjurations
 - Level 5.5(7.0) Translocations
 - Level 8.5(10.0) Fire Magic
 * Level 3.5(4.9) Earth Magic


You had 8 spell levels left.
You knew the following spells:

 Your Spells              Type           Power        Failure   Level  Hunger
a - Flame Tongue          Conj/Fire      #####        1%          1    None
b - Throw Flame           Conj/Fire      ######       1%          2    None
c - Fireball              Conj/Fire      ######....   3%          5    None
d - Force Lance           Conj/Tloc      #####...     2%          4    None
e - Lee's Rapid Deconstr  Erth           ####......   24%         5    None

Your spell library contained the following spells:

 Spells                   Type           Power        Failure   Level  Hunger
 Conjure Flame            Conj/Fire      ######..     1%          3    None
 Lightning Bolt           Conj/Air       ####......   26%         5    None
 Freezing Cloud           Conj/Ice/Air   ###.......   95%         6    None
 Animate Dead             Necr           N/A          52%         4    None
 Pain                     Necr           ##..         6%          1    None
 Animate Skeleton         Necr           N/A          6%          1    None
 Vampiric Draining        Necr           ##........   19%         3    None
 Sticky Flame             Conj/Fire      ######..     1%          4    None
 Regeneration             Chrm/Necr      ##........   19%         3    None
 Sting                    Conj/Pois      ####         1%          1    None
 Stone Arrow              Conj/Erth      #####.       1%          3    None
 Passwall                 Tmut/Erth      ###.....     3%          2    None
 Sandblast                Erth           ####..       1%          1    None
 Petrify                  Tmut/Erth      ###.....     22%         4    None
 Inner Flame              Hex/Fire       ####....     2%          3    None


Dungeon Overview and Level Annotations

Branches:
Dungeon (9/15)             Temple (1/1) D:6            Lair (0/6) D:8
    Orc: D:9-12

Altars:
Ashenzari
Cheibriados
Dithmenos
Elyvilon
Fedhas
Gozag
Hepliaklqana
Kikubaaqudgha
Makhleb
Nemelex Xobeh
Qazlal
Ru
Sif Muna
Trog
Uskayaw
Vehumet
Wu Jian
Xom
Yredelemnul
Zin
The Shining One

Shops:
D:4 [   D:7 ?   D:8 [}

Annotations:
D:5 Grinder


Message History

Aiming: Flame Tongue (safe; 1% risk of failure)
Press: ? - help, Shift-Dir - straight line, f/p - wyvern
Aim: a wyvern (almost dead)
The flame tongue misses the wyvern.
The wyvern bites you. x2
A killer bee comes into view.
Casting: Flame Tongue (safe; 1% risk of failure)
Confirm with . or Enter, or press ? or * to list all spells.
Aiming: Flame Tongue (safe; 1% risk of failure)
Press: ? - help, Shift-Dir - straight line, f/p - wyvern
Aim: a wyvern (almost dead)
The flame tongue hits the wyvern.
The wyvern is almost dead.
The wyvern bites you!
* * * LOW HITPOINT WARNING * * *
A killer bee comes into view.
The killer bee closely misses you.
You feel much better. The wyvern bites you!
* * * LOW HITPOINT WARNING * * *
The killer bee barely misses you. The wyvern bites you!!
You die...

, # * ** .# * # .# *# #######
, .. . ....... , *.#.# *
*###### , , * y#.# # , , *
... # #+######## ###y## #
(......... *#C#.@..# #
.........., #.#l#..# #
.l........ #.#.#..# #
..........,*#.#.#..# #
........... #.#.#..# #
[.........Z##.#.#..# #
..............#.#..##########
#
.............(..#...........#
#
................#...........#
#


You could see a wyvern and 2 killer bees.

Vanquished Creatures
  3 two-headed ogres
  Pikel (D:8)
  2 hippogriffs (D:7)
  3 yaks
  A hungry ghost (D:7)
  2 slaves (D:8)
  4 sky beasts
  2 phantoms
  4 ogres
  7 centaurs
  3 bullfrogs
  A scorpion (D:7)
  3 killer bees (D:8)
  3 howler monkeys (D:7)
  A crimson imp (D:7)
  A bullfrog zombie (D:5)
  A centaur zombie (D:9)
  2 hounds
  4 orc priests
  A bullfrog skeleton (D:8)
  A centaur skeleton (D:7)
  Jessica (D:2)
  Natasha (thrice) (D:3)
  4 orc wizards
  3 worker ants
  2 worker ant zombies
  Robin (D:4)
  3 gnolls (D:2)
  5 adders
  2 shadow imps (D:6)
  An ooze (D:6)
  An adder skeleton (D:4)
  A worm (D:7)
  6 dart slugs
  6 leopard geckos
  17 orcs
  10 giant cockroaches
  16 goblins
  13 hobgoblins
  6 jackals
  3 quokkas
  2 ball pythons (D:3)
  7 bats
  2 frilled lizards
  2 kobolds (D:1)
  A quokka zombie (D:9)
  7 rats
  A bush (D:4)
  A butterfly (D:6)
177 creatures vanquished.

Vanquished Creatures (others)
  A kobold (D:3)
1 creature vanquished.

Grand Total: 178 creatures vanquished

Notes
Turn   | Place    | Note
-------+----------+-------------------------------------------
     0 | D:1      | zishaf the Deep Elf Fire Elementalist began the quest for the Orb.
     0 | D:1      | Reached XP level 1. HP: 10/10 MP: 6/6
   115 | D:1      | Reached XP level 2. HP: 15/15 MP: 5/8
   498 | D:1      | Reached XP level 3. HP: 19/19 MP: 8/10
   525 | D:1      | Learned a level 2 spell: Throw Flame
   617 | D:1      | You fall through a shaft!
   884 | D:2      | Found a sparkling altar of Nemelex Xobeh.
   939 | D:2      | Reached XP level 4. HP: 19/24 MP: 2/11
  1054 | D:2      | Noticed Jessica
  1056 | D:2      | Killed Jessica
  1352 | D:3      | Noticed Natasha
  1356 | D:3      | Killed Natasha
  1356 | D:3      | Reached XP level 5. HP: 28/28 MP: 4/13
  1452 | D:3      | Noticed Natasha
  1455 | D:3      | Killed Natasha
  1764 | D:3      | Noticed Natasha
  1768 | D:3      | Killed Natasha
  1996 | D:3      | Reached XP level 6. HP: 29/32 MP: 9/15
  2001 | D:3      | Reached skill level 5 in Spellcasting
  2742 | D:4      | Noticed Robin
  2829 | D:4      | Killed Robin
  2840 | D:4      | Reached skill level 5 in Fire Magic
  3102 | D:4      | Found a white marble altar of Elyvilon.
  3102 | D:4      | Found a shattered altar of Ashenzari.
  3103 | D:4      | Found a hazy altar of Hepliaklqana.
  3159 | D:4      | Found Ynadom's Armour Shoppe.
  3499 | D:4      | Reached skill level 5 in Dodging
  3499 | D:4      | Reached XP level 7. HP: 36/36 MP: 15/17
  3506 | D:4      | Learned a level 5 spell: Fireball
  3810 | D:4      | Became a worshipper of Ashenzari the Shackled
  3823 | D:5      | Entered Level 5 of the Dungeon
  3885 | D:5      | Noticed Grinder
  4462 | D:6      | Found a staircase to the Ecumenical Temple.
  4476 | Temple   | Entered the Ecumenical Temple
  4774 | D:6      | Reached skill level 5 in Conjurations
  5176 | D:6      | Reached XP level 8. HP: 8/41 MP: 14/19
  5426 | D:6      | Identified the Disquisition on Destructive Ice
  5433 | D:6      | Learned a level 4 spell: Force Lance
  5657 | D:6      | Reached skill level 1 in Translocations
  6102 | D:6      | Reached * piety under Ashenzari
  7217 | D:7      | Found a snail-covered altar of Cheibriados.
  7345 | D:7      | Reached XP level 9. HP: 46/46 MP: 20/20
  7351 | D:7      | Reached skill level 1 in Fighting
  7378 | D:7      | Got the battleaxe "Goklighy" {venom, +Rage Int+3 Dex+3 SInv}
  7386 | D:7      | Identified the +8 battleaxe "Goklighy" {venom, +Rage Int+3 Dex+3 SInv} (You found it on level 7 of the Dungeon)
  7420 | D:7      | Found a basalt altar of Yredelemnul.
  7485 | D:7      | Found Lourudos's Magic Scroll Emporium.
  8309 | D:8      | Noticed a two-headed ogre
  8321 | D:8      | Killed a two-headed ogre
  8321 | D:8      | Reached skill level 5 in Translocations
  8415 | D:8      | Found Daklel's Gadget Shop.
  8581 | D:8      | Reached ** piety under Ashenzari
  8660 | D:8      | Found a staircase to the Lair.
  8702 | D:8      | Noticed a two-headed ogre
  8705 | D:8      | Killed a two-headed ogre
  8705 | D:8      | Reached skill level 5 in Fighting
  8705 | D:8      | Reached XP level 10. HP: 59/59 MP: 17/24
  8820 | D:8      | Learned a level 5 spell: Lee's Rapid Deconstruction
  8894 | D:8      | Noticed Pikel
  8898 | D:8      | Killed Pikel
  8898 | D:8      | Reached skill level 1 in Earth Magic
  8953 | D:8      | Found Zumyimm's Armour Shop.
  9099 | D:8      | Reached skill level 1 in Shields
  9241 | D:9      | Noticed a two-headed ogre
  9245 | D:9      | Killed a two-headed ogre
  9361 | D:9      | Found a transporter.
  9408 | D:9      | Found a transporter.
  9572 | D:9      | Noticed a cyclops
  9585 | D:9      | Slain by a wyvern

Vault maps used:
D:1:      sevenhm_arrival_forest_fort_small_6, serial_bayou_lagoon_a
D:2:      overflow_temple_1_default, uniq_jessica
D:3:      uniq_natasha
D:4:      gammafunk_temple_overflow_forgotten, serial_shops, shop,
          feat_on_display, uniq_robin
D:5:      first_ration, uniq_grinder
D:6:      minmay_temple_entry_butterflies, centaur_isle
D:7:      yredelemnul_altar_generic, slow_altar_1, serial_shops, shop
D:8:      lair_entry_dummy, serial_shops, shop, nicolae_shop_crystal, uniq_pikel
D:9:      gammafunk_steamed_eel, okawaru_ov_weapons_minmay, hangedman_fish_farm
Temple:   regret_index_temple_waves

Skill      XL: |  1  2  3  4  5  6  7  8  9 10 |
---------------+-------------------------------+-----
Dodging        | 3 4 5 6 |  6.3
Conjurations   | 2 3 4 6 7 |  7.5
Fire Magic     | 4 5 6 7 8 |  8.5
Spellcasting   | 4 5 6 8 |  8.0
Translocations | 3 5 |  5.5
Fighting       | 5 6 |  6.0
Earth Magic    | 3 |  3.5
Shields        | 2 |  2.2
Stealth        | |  2.4

Action                   |  1- 3 |  4- 6 |  7- 9 | 10-12 || total
-------------------------+-------+-------+-------+-------++-------
Melee: Unarmed           |     2 |       |    30 |       ||    32
       Dagger            |       |       |     2 |       ||     2
       Battleaxe         |       |       |     4 |       ||     4
 Cast: Flame Tongue      |    54 |    91 |   150 |     9 ||   304
       Throw Flame       |     3 |    37 |    59 |     4 ||   103
       Fireball          |       |       |    11 |    13 ||    24
       Force Lance       |       |       |     4 |       ||     4
Invok: Curse Item        |       |       |     2 |     1 ||     3
  Use: Scroll            |       |       |    11 |       ||    11
       Potion            |       |       |       |     1 ||     1
  Eat: Chunk             |       |     8 |     8 |     4 ||    20
       Ration            |       |       |     4 |       ||     4
Armor: Robe              |     5 |    14 |    10 |       ||    29
Dodge: Dodged            |     8 |    22 |    67 |     3 ||   100

Table legend:
 A = Spawn XP
 B = Non-spawn XP
 C = Spawn XP percentage of total XP
 D = Spawn monster count
 E = Non-spawn monster count
 F = Spawn count percentage of total count
 G = Total turns spent on level
                    A         B        C        D         E        F      G
               +---------+---------+-------+---------+---------+-------+---------
         Total |       0 |    8694 |   0.0 |       0 |     173 |   0.0 |  9585
               +---------+---------+-------+---------+---------+-------+---------
           D:1 |       0 |      53 |   0.0 |       0 |      30 |   0.0 |   705
           D:2 |       0 |     115 |   0.0 |       0 |      15 |   0.0 |   987
           D:3 |       0 |     353 |   0.0 |       0 |      41 |   0.0 |  1100
           D:4 |       0 |     321 |   0.0 |       0 |      17 |   0.0 |  1031
           D:5 |       0 |     118 |   0.0 |       0 |       7 |   0.0 |   547
           D:6 |       0 |    1531 |   0.0 |       0 |      28 |   0.0 |  2583
           D:7 |       0 |    1296 |   0.0 |       0 |      14 |   0.0 |  1062
           D:8 |       0 |    3397 |   0.0 |       0 |      15 |   0.0 |  1033
           D:9 |       0 |    1510 |   0.0 |       0 |       6 |   0.0 |   407
               +---------+---------+-------+---------+---------+-------+---------
